[Event "FIDE WCCC Open-10 2024"]
[Site "Montesilvano"]
[Date "2024.11.18"]
[Round "2.1"]
[White "Buklaho, Ignacy"]
[Black "Sameh Mohamed, Abdalrahman"]
[Result "0-1"]
[ECO "C54"]
[WhiteElo "1822"]
[BlackElo "2238"]
[PlyCount "82"]
[EventDate "2024.11.18"]
[EventType "swiss"]
[EventCountry "ITA"]
[TimeControl "5400+30"]

1. e4 e5 2. Nf3 Nc6 3. Bc4 Bc5 4. c3 Nf6 5. d3 a6 6. Bb3 Ba7 7. O-O d6 8. Nbd2 h6 9. Re1 g5 10. Nf1 g4 11. N3d2 h5 12. Nc4 Be6 13. Be3 Bxe3 14. Ncxe3 Qd7 15. Bxe6 fxe6 16. b4 Ne7 17. Qc2 h4 18. d4 Ng6 19. Nc4 Qh7 20. dxe5 dxe5 21. Qb3 g3 22. Qc2 O-O-O 23. h3 Nf4 24. Nxe5 Qh5 25. Nc4 Nxh3+ 26. gxh3 gxf2+ 27. Qxf2 Rhg8+ 28. Kh2 Rdf8 29. Qe3 Ng4+ 30. hxg4 Qxg4 31. Re2 Rf3 32. Qxf3 Qxf3 33. Rae1 Qxc3 34. Nfe3 b5 35. Nb6+ Kb7 36. Nd7 Qxb4 37. Rd1 Rg3 38. Rd3 Qe7 39. Rd1 Qg5 40. Nf1 Qg4 41. Rdd2 Rh3# 0-1

[Event "FIDE WCCC Open-10 2024"]
[Site "Montesilvano"]
[Date "2024.11.18"]
[Round "2.1"]
[White "Novac, Daniil"]
[Black "Prokhorov, Makar"]
[Result "0-1"]
[ECO "D02"]
[WhiteElo "1594"]
[BlackElo "1771"]
[PlyCount "110"]
[EventDate "2024.11.18"]
[EventType "swiss"]
[EventCountry "ITA"]
[TimeControl "5400+30"]

1. Nf3 d5 2. d4 e6 3. Bf4 c5 4. e3 Nf6 5. c4 Nc6 6. cxd5 exd5 7. Bb5 Be7 8. O-O O-O 9. Qa4 Qb6 10. Bxc6 bxc6 11. Nbd2 Ba6 12. Rfc1 c4 13. Ne5 Rfc8 14. Qc2 c5 15. dxc5 Bxc5 16. b3 Ba3 17. Rd1 c3 18. Ndf3 Bb2 19. Rab1 Qa5 20. Nd4 Qxa2 21. Ra1 Qxa1 22. Rxa1 Bxa1 23. Qa2 Bb2 24. Qxa6 c2 25. Nxc2 Rxc2 26. g3 Rac8 27. Nd3 Bc1 28. Ne1 R2c3 29. b4 Ba3 30. Be5 Rc1 31. Qxa3 Rxe1+ 32. Kg2 Ng4 33. Qb2 f6 34. Bd4 Rec1 35. Qa2 R1c4 36. b5 h5 37. Bxa7 Rc2 38. Qxd5+ Kf8 39. e4 Re2 40. Qxh5 Rcc2 41. Qxg4 Rb2 42. b6 Rxf2+ 43. Kg1 Rg2+ 44. Kf1 Rxh2 45. Qc8+ Kf7 46. Qc4+ Kg6 47. Kg1 Rhg2+ 48. Kf1 Rgf2+ 49. Ke1 Rh2 50. Qd3 Rh1+ 51. Qf1 Rb1+ 52. Ke2 Rhxf1 53. b7 Rxb7 54. Kxf1 Rxa7 55. Ke2 Ra3 0-1

[Event "FIDE WCCC Open-10 2024"]
[Site "Montesilvano"]
[Date "2024.11.18"]
[Round "2.2"]
[White "Shogdzhiev, Roman"]
[Black "Dayal, Samar"]
[Result "1-0"]
[ECO "B72"]
[WhiteElo "2202"]
[BlackElo "1818"]
[PlyCount "77"]
[EventDate "2024.11.18"]
[EventType "swiss"]
[EventCountry "ITA"]
[TimeControl "5400+30"]

1. e4 c5 2. Nf3 d6 3. d4 cxd4 4. Nxd4 Nf6 5. Nc3 g6 6. Be3 Nc6 7. f3 h5 8. Bc4 Bd7 9. Qd2 Nxd4 10. Qxd4 Bg7 11. Qd3 O-O 12. Bb3 Qa5 13. O-O-O b5 14. e5 Bf5 15. exf6 Bxd3 16. fxg7 Kxg7 17. Rxd3 Rab8 18. Bd4+ Kg8 19. Nd5 Rb7 20. f4 Qd8 21. Re3 a5 22. a3 Rd7 23. Rhe1 e5 24. Bb6 Qh4 25. g3 Qh3 26. Nf6+ Kg7 27. Nxd7 Qxd7 28. fxe5 a4 29. e6 fxe6 30. Bxe6 Qc6 31. Bd4+ Kh6 32. h4 Qg2 33. Bd7 Rf2 34. Re8 Rf7 35. Be6 Rc7 36. Rh8+ Rh7 37. Be3+ Kg7 38. Rg8+ Kf6 39. Bg5# 1-0

[Event "FIDE WCCC Open-10 2024"]
[Site "Montesilvano"]
[Date "2024.11.18"]
[Round "2.2"]
[White "Ostapenko, Volodymyr"]
[Black "Gim, Hajin"]
[Result "0-1"]
[ECO "B22"]
[WhiteElo "1720"]
[BlackElo "1603"]
[PlyCount "121"]
[EventDate "2024.11.18"]
[EventType "swiss"]
[EventCountry "ITA"]
[TimeControl "5400+30"]

1. e4 c5 2. d4 cxd4 3. c3 Nf6 4. e5 Nd5 5. cxd4 d6 6. Nf3 Nc6 7. Bc4 Nb6 8. Bb3 dxe5 9. dxe5 Qxd1+ 10. Bxd1 Bg4 11. O-O O-O-O 12. Bf4 g6 13. Nbd2 Bg7 14. Rc1 Nd5 15. Bg3 Bh6 16. Ba4 Bxf3 17. Nxf3 Bxc1 18. Rxc1 Nc7 19. h3 Rd5 20. e6 Nxe6 21. Ne5 Ned4 22. Kf1 Ra5 23. b3 f6 24. Nd3 b5 25. Nb4 Kb7 26. Nd3 bxa4 27. Nc5+ Ka8 28. bxa4 e5 29. f3 Nb4 30. Be1 Ndc2 31. Rxc2 Nxc2 32. Bxa5 Rc8 33. Nd7 Rc6 34. Nf8 Rc8 35. Nxh7 Ne3+ 36. Kf2 Nd5 37. f4 Rh8 38. Nxf6 Nxf6 39. fxe5 Rh5 40. Bc7 Rf5+ 41. Ke2 Ne8 42. g4 Rg5 43. Bd8 Rxe5+ 44. Kf3 g5 45. h4 gxh4 46. Bxh4 Kb7 47. Kf4 Ra5 48. a3 Kc6 49. Be7 Kd7 50. Bb4 Rd5 51. a5 a6 52. Ke3 Ke6 53. g5 Kf5 54. g6 Kxg6 55. Ke4 Nf6+ 56. Ke3 Kf5 57. Bc3 Ng4+ 58. Ke2 Ke4 59. Be1 Ne3 60. Bc3 Nc4 61. Ke1 0-1

[Event "FIDE WCCC Open-10 2024"]
[Site "Montesilvano"]
[Date "2024.11.18"]
[Round "2.3"]
[White "Zhang, Oscar Y"]
[Black "Llari, Marc"]
[Result "1/2-1/2"]
[ECO "C18"]
[WhiteElo "1817"]
[BlackElo "2201"]
[PlyCount "85"]
[EventDate "2024.11.18"]
[EventType "swiss"]
[EventCountry "ITA"]
[TimeControl "5400+30"]

1. e4 e6 2. d4 d5 3. Nc3 Bb4 4. e5 c5 5. a3 Bxc3+ 6. bxc3 Qa5 7. Bd2 Qa4 8. Nf3 b6 9. Bd3 Ba6 10. O-O Ne7 11. Be3 c4 12. Be2 Nbc6 13. Nh4 Ng6 14. Nxg6 fxg6 15. Bg4 Bc8 16. Ra2 Bd7 17. Bg5 O-O 18. f4 Rf7 19. Rf3 h6 20. Bh4 Raf8 21. Qf1 a5 22. Bg3 Ne7 23. Be1 Nf5 24. Bxf5 Rxf5 25. Bd2 Qc6 26. a4 b5 27. axb5 Qxb5 28. Bc1 Qb1 29. Rb2 Qa1 30. Rb7 Ba4 31. Rb2 Kh7 32. h3 g5 33. fxg5 Rxf3 34. g6+ Kxg6 35. gxf3 Rxf3 36. Qd1 Rxh3 37. Rb7 Kh7 38. Rxg7+ Kh8 39. Rc7 Qxc3 40. Rc8+ Kh7 41. Rc7+ Kh8 42. Rc8+ Kh7 43. Rc7+ 1/2-1/2

[Event "FIDE WCCC Open-10 2024"]
[Site "Montesilvano"]
[Date "2024.11.18"]
[Round "2.3"]
[White "Mitrovic, Vasilije"]
[Black "Sahin, Yusuf Kerem"]
[Result "0-1"]
[ECO "B73"]
[WhiteElo "1590"]
[BlackElo "1720"]
[PlyCount "106"]
[EventDate "2024.11.18"]
[EventType "swiss"]
[EventCountry "ITA"]
[TimeControl "5400+30"]

1. e4 c5 2. Nf3 d6 3. d4 cxd4 4. Nxd4 Nf6 5. Nc3 g6 6. Be2 Bg7 7. O-O O-O 8. Be3 Nc6 9. h3 Nxd4 10. Bxd4 Be6 11. Kh1 a6 12. f4 Rc8 13. g4 Bc4 14. f5 b5 15. Bxc4 Rxc4 16. Bxf6 Bxf6 17. fxg6 hxg6 18. Qd3 Bxc3 19. bxc3 Qc7 20. Rf3 Rc8 21. Rc1 Rxc3 22. Qxc3 Qxc3 23. Rxc3 Rxc3 24. Kg2 Kg7 25. h4 Re3 26. c4 b4 27. c5 dxc5 28. Rxc5 Re2+ 29. Kf3 Rxa2 30. Rc1 b3 31. Rb1 b2 32. Ke2 a5 33. Kd3 a4 34. Kc2 a3 35. Kb3 Ra1 36. Kc2 Rxb1 37. Kxb1 Kf6 38. h5 gxh5 39. gxh5 Kg5 40. h6 Kxh6 41. e5 f5 42. exf6 e5 43. f7 Kg7 44. f8=Q+ Kxf8 45. Kc2 e4 46. Kb1 e3 47. Kc2 e2 48. Kd2 a2 49. Kxe2 b1=Q 50. Ke3 a1=Q 51. Kf4 Qd3 52. Kg4 Qf6 53. Kh5 Qd1# 0-1

[Event "FIDE WCCC Open-10 2024"]
[Site "Montesilvano"]
[Date "2024.11.18"]
[Round "2.4"]
[White "Annapureddy, Rheyansh Reddy"]
[Black "Tulegen, Ramazan"]
[Result "0-1"]
[ECO "B94"]
[WhiteElo "2122"]
[BlackElo "1818"]
[PlyCount "90"]
[EventDate "2024.11.18"]
[EventType "swiss"]
[EventCountry "ITA"]
[TimeControl "5400+30"]

1. e4 c5 2. Nf3 d6 3. d4 cxd4 4. Nxd4 Nf6 5. Nc3 a6 6. Bg5 Nbd7 7. Bc4 Qb6 8. Bb3 e6 9. Qd2 Be7 10. O-O-O Nc5 11. Rhe1 Qc7 12. f4 h6 13. Bh4 Nfxe4 14. Nxe4 Bxh4 15. Nf5 Bxe1 16. Nexd6+ Kf8 17. Rxe1 Bd7 18. Ne3 Rd8 19. Rd1 Bb5 20. Nxb5 Rxd2 21. Nxc7 Nxb3+ 22. axb3 Rxd1+ 23. Kxd1 Ke7 24. c4 Rc8 25. Nxa6 bxa6 26. Kc2 g5 27. f5 Kd6 28. Kd3 Kc5 29. Kc3 a5 30. f6 h5 31. Nf1 Kd6 32. Ng3 Ke5 33. Nxh5 Ke4 34. Ng3+ Ke3 35. b4 axb4+ 36. Kxb4 Kd3 37. b3 Rb8+ 38. Kc5 Rxb3 39. Kd6 Kxc4 40. Ne4 Rb6+ 41. Kc7 Ra6 42. Nxg5 e5 43. Nxf7 Kd5 44. Kd7 Rxf6 45. Ke7 Rg6 0-1

[Event "FIDE WCCC Open-10 2024"]
[Site "Montesilvano"]
[Date "2024.11.18"]
[Round "2.4"]
[White "Aguike, Toshiya"]
[Black "Tamiolakis, Grigorios"]
[Result "1-0"]
[ECO "B42"]
[WhiteElo "1716"]
[BlackElo "1591"]
[PlyCount "69"]
[EventDate "2024.11.18"]
[EventType "swiss"]
[EventCountry "ITA"]
[TimeControl "5400+30"]

1. e4 c5 2. Nf3 e6 3. d4 cxd4 4. Nxd4 a6 5. c4 Qc7 6. Nc3 Nf6 7. Bd3 Nc6 8. Nxc6 dxc6 9. O-O h6 10. Qe2 Bd6 11. f4 e5 12. f5 Bc5+ 13. Kh1 O-O 14. g4 Nh7 15. Qg2 f6 16. h4 Rd8 17. Bc2 Bd7 18. g5 hxg5 19. hxg5 Nxg5 20. Bxg5 fxg5 21. Qxg5 Be8 22. Na4 Bf8 23. c5 Rab8 24. f6 Rd7 25. Nb6 Rdd8 26. Bb3+ Bf7 27. fxg7 Bxg7 28. Rxf7 Qxf7 29. Bxf7+ Kxf7 30. Rf1+ Kg8 31. Rg1 Kf8 32. Qxg7+ Ke8 33. Qg8+ Ke7 34. Rg7+ Kf6 35. Qf7# 1-0

[Event "FIDE WCCC Open-10 2024"]
[Site "Montesilvano"]
[Date "2024.11.18"]
[Round "2.5"]
[White "Jani, Aakash"]
[Black "Zuo, Junyu"]
[Result "0-1"]
[ECO "B44"]
[WhiteElo "1810"]
[BlackElo "2120"]
[PlyCount "58"]
[EventDate "2024.11.18"]
[EventType "swiss"]
[EventCountry "ITA"]
[TimeControl "5400+30"]

1. e4 c5 2. Nf3 e6 3. d4 cxd4 4. Nxd4 Nc6 5. c4 Nf6 6. Nc3 Bb4 7. f3 O-O 8. Be2 Bxc3+ 9. bxc3 d5 10. cxd5 exd5 11. Nxc6 bxc6 12. Bg5 h6 13. Bxf6 Qxf6 14. Qd4 Qh4+ 15. g3 Qh3 16. exd5 Re8 17. Kf2 Rxe2+ 18. Kxe2 Qg2+ 19. Ke3 Ba6 20. Qe5 Qe2+ 21. Kf4 g5+ 22. Kf5 Qxf3+ 23. Qf4 gxf4 24. gxf4 Bd3+ 25. Kf6 Qxf4+ 26. Ke7 Qe5+ 27. Kd7 Qxd5+ 28. Kc7 Qd8+ 29. Kb7 Qc8# 0-1

[Event "FIDE WCCC Open-10 2024"]
[Site "Montesilvano"]
[Date "2024.11.18"]
[Round "2.5"]
[White "Roth, Elai"]
[Black "Yevsieiev, Yaroslav"]
[Result "1/2-1/2"]
[ECO "C56"]
[WhiteElo "1577"]
[BlackElo "1706"]
[PlyCount "91"]
[EventDate "2024.11.18"]
[EventType "swiss"]
[EventCountry "ITA"]
[TimeControl "5400+30"]

1. e4 e5 2. Nf3 Nc6 3. Bc4 Nf6 4. d4 exd4 5. O-O Bc5 6. e5 d5 7. Bb5 Ne4 8. Nxd4 Bd7 9. Nxc6 bxc6 10. Bd3 Qh4 11. Bxe4 Qxe4 12. Re1 Qg6 13. Be3 Bg4 14. Qd3 Bf5 15. Qa6 Be4 16. Qf1 d4 17. Bd2 Bxc2 18. g3 h5 19. Qg2 Rb8 20. b3 O-O 21. Ba5 d3 22. Bc3 Rfd8 23. Nd2 a5 24. Re4 Ra8 25. Rc4 Bb4 26. Bxb4 axb4 27. Rxc6 Qg4 28. Rc4 Qe2 29. f4 Rxa2 30. Rxa2 Qe1+ 31. Nf1 Bxb3 32. Ra8 Bxc4 33. Rxd8+ Kh7 34. Qd2 Qa1 35. Qxb4 Ba6 36. Qd2 Qb1 37. Rd7 c5 38. Qa5 Bc8 39. Qc7 Bxd7 40. Qxd7 c4 41. Qd4 g6 42. Qxc4 d2 43. Qxf7+ Kh6 44. Qf8+ Kh7 45. Qf7+ Kh8 46. Qf8+ 1/2-1/2

[Event "FIDE WCCC Open-10 2024"]
[Site "Montesilvano"]
[Date "2024.11.18"]
[Round "2.6"]
[White "Ramesan, Raunak Amit"]
[Black "Ilko-Toth, Andras"]
[Result "1-0"]
[ECO "B12"]
[WhiteElo "1802"]
[BlackElo "2115"]
[PlyCount "73"]
[EventDate "2024.11.18"]
[EventType "swiss"]
[EventCountry "ITA"]
[TimeControl "5400+30"]

1. e4 c6 2. d4 d5 3. e5 c5 4. Nf3 cxd4 5. Nxd4 Nc6 6. Nxc6 bxc6 7. Bd3 e6 8. O-O Ne7 9. Re1 Ng6 10. c3 Be7 11. Nd2 O-O 12. Nf3 a5 13. Qe2 Qb6 14. Be3 c5 15. h4 Qc7 16. Bd2 Rd8 17. Ng5 Bxg5 18. Bxg5 Rf8 19. h5 Nxe5 20. h6 Nxd3 21. hxg7 Kxg7 22. Qh5 Kg8 23. Re3 f6 24. Bh6 Qf7 25. Qg4+ Kh8 26. Bxf8 Ne5 27. Rxe5 fxe5 28. Bd6 Qf5 29. Qg3 Qg6 30. Qxe5+ Kg8 31. Re1 Qg7 32. Qh5 Qg6 33. Qh4 Ba6 34. Re3 Qb1+ 35. Kh2 Bd3 36. Qf6 Re8 37. Be5 1-0

[Event "FIDE WCCC Open-10 2024"]
[Site "Montesilvano"]
[Date "2024.11.18"]
[Round "2.7"]
[White "Zhu, Linxi"]
[Black "Mariani, Kim Paul"]
[Result "1-0"]
[ECO "C18"]
[WhiteElo "2100"]
[BlackElo "1814"]
[PlyCount "71"]
[EventDate "2024.11.18"]
[EventType "swiss"]
[EventCountry "ITA"]
[TimeControl "5400+30"]

1. e4 e6 2. d4 d5 3. Nc3 Bb4 4. e5 c5 5. a3 Bxc3+ 6. bxc3 Ne7 7. Qg4 cxd4 8. Qxg7 Rg8 9. Qxh7 Qc7 10. Qd3 dxc3 11. Ne2 Nbc6 12. f4 Bd7 13. h4 Nf5 14. h5 O-O-O 15. Rb1 d4 16. h6 Rg6 17. h7 Rh8 18. Rh5 Qa5 19. Rb5 Qa4 20. Rh3 a6 21. Rc5 Rg7 22. Qe4 b5 23. Rxc6+ Bxc6 24. Qxc6+ Kb8 25. Qb6+ Kc8 26. Nxc3 Qxc2 27. Qxa6+ Kb8 28. Qb6+ Kc8 29. Qa6+ Kb8 30. Qxb5+ Kc8 31. Bd2 Ne3 32. Qc6+ Kb8 33. Qb6+ Ka8 34. Bb5 Nxg2+ 35. Kf1 Ne3+ 36. Rxe3 1-0

[Event "FIDE WCCC Open-10 2024"]
[Site "Montesilvano"]
[Date "2024.11.18"]
[Round "2.7"]
[White "Tenuun, Tseesuren"]
[Black "Rama, Federico"]
[Result "1-0"]
[ECO "B47"]
[WhiteElo "1702"]
[BlackElo "1564"]
[PlyCount "76"]
[EventDate "2024.11.18"]
[EventType "swiss"]
[EventCountry "ITA"]
[TimeControl "5400+30"]

1. e4 c5 2. Nf3 e6 3. d4 cxd4 4. Nxd4 Nc6 5. Nc3 a6 6. f4 Qc7 7. Nxc6 bxc6 8. Be3 d5 9. Be2 Bb7 10. O-O Rd8 11. exd5 cxd5 12. Qd4 Nf6 13. Rfd1 Bd6 14. Qa4+ Qd7 15. Qa5 Qc6 16. Nb5 O-O 17. Nxd6 Rxd6 18. Bc5 d4 19. Bf3 Ne4 20. Bxd6 Qxd6 21. Bxe4 Bxe4 22. Qd2 Qc5 23. Qxd4 Qxc2 24. Rd2 Qc6 25. Re1 Bd5 26. b3 h6 27. Re3 g6 28. f5 Qb5 29. Rh3 h5 30. a4 Qc6 31. Rc3 Qd6 32. Rg3 Qe7 33. fxg6 fxg6 34. Rxg6+ Kh7 35. Rg3 Qf7 36. Rf2 Qe7 37. Qd3+ Kh8 38. Qg6 Qa7 1-0

[Event "FIDE WCCC Open-10 2024"]
[Site "Montesilvano"]
[Date "2024.11.18"]
[Round "2.8"]
[White "Guntaka, Aayansh"]
[Black "Deepak Ambattu, Rithvik"]
[Result "1/2-1/2"]
[ECO "B90"]
[WhiteElo "1798"]
[BlackElo "2063"]
[PlyCount "66"]
[EventDate "2024.11.18"]
[EventType "swiss"]
[EventCountry "ITA"]
[TimeControl "5400+30"]

1. e4 c5 2. Nf3 d6 3. d4 cxd4 4. Nxd4 Nf6 5. Nc3 a6 6. Rg1 h5 7. h3 e5 8. Nb3 Be6 9. Be3 Nc6 10. g4 hxg4 11. hxg4 d5 12. exd5 Nxd5 13. Nxd5 Qxd5 14. Qxd5 Bxd5 15. O-O-O O-O-O 16. Bb6 Rd7 17. g5 f5 18. Be2 Be7 19. Nc5 Bxc5 20. Bxc5 Rh2 21. g6 Nd4 22. Bxd4 exd4 23. Rxd4 Rxf2 24. Bd3 Be4 25. Rc4+ Rc7 26. Rxc7+ Kxc7 27. Bxe4 fxe4 28. Rg4 e3 29. Kd1 Rd2+ 30. Kc1 Kd6 31. Rg3 Re2 32. Kd1 Rd2+ 33. Kc1 Re2 1/2-1/2

[Event "FIDE WCCC Open-10 2024"]
[Site "Montesilvano"]
[Date "2024.11.18"]
[Round "2.8"]
[White "Pierloot, Siebe"]
[Black "DAmato, Raffaele"]
[Result "0-1"]
[ECO "C01"]
[WhiteElo "1573"]
[BlackElo "1695"]
[PlyCount "128"]
[EventDate "2024.11.18"]
[EventType "swiss"]
[EventCountry "ITA"]
[TimeControl "5400+30"]

1. e4 e6 2. d4 d5 3. exd5 exd5 4. Bd3 Nf6 5. Ne2 Bd6 6. Nbc3 c6 7. Bg5 Nbd7 8. O-O O-O 9. Re1 h6 10. Bh4 Bxh2+ 11. Kxh2 Ng4+ 12. Kg3 g5 13. Kxg4 gxh4 14. Kh3 Nf6+ 15. Kh2 Ng4+ 16. Kg1 Qd6 17. g3 hxg3 18. Nxg3 Qf6 19. Re2 Qh4 20. f3 Qxg3+ 21. Rg2 Qxg2+ 22. Kxg2 Ne3+ 23. Kf2 Nxd1+ 24. Rxd1 f5 25. Rg1+ Kf7 26. a4 Rg8 27. Rxg8 Kxg8 28. Kg3 Bd7 29. Nd1 Re8 30. Kf4 Kf7 31. Ne3 Kf6 32. Nxf5 Bxf5 33. Bxf5 Rg8 34. b3 h5 35. Bh3 a5 36. Bf1 Rg1 37. Bh3 Rc1 38. Bf5 Rd1 39. Bd3 h4 40. Kg4 Rh1 41. f4 Kg7 42. f5 Kf6 43. Kf3 Rg1 44. Kf2 Rg5 45. Kf1 Rxf5+ 46. Bxf5 Kxf5 47. Kg2 Ke4 48. Kh3 Kxd4 49. Kxh4 Kc3 50. Kg5 Kxc2 51. Kf4 d4 52. Kf3 d3 53. Ke3 d2 54. b4 axb4 55. a5 d1=Q 56. a6 bxa6 57. Ke4 Qd5+ 58. Ke3 b3 59. Ke2 Qd4 60. Kf3 b2 61. Ke2 b1=Q 62. Kf3 Qb3+ 63. Ke2 Qd2+ 64. Kf1 Qb1# 0-1

[Event "FIDE WCCC Open-10 2024"]
[Site "Montesilvano"]
[Date "2024.11.18"]
[Round "2.9"]
[White "Zhang, Junyi"]
[Black "Zhou, Guoyu"]
[Result "0-1"]
[ECO "C54"]
[WhiteElo "2061"]
[BlackElo "1809"]
[PlyCount "186"]
[EventDate "2024.11.18"]
[EventType "swiss"]
[EventCountry "ITA"]
[TimeControl "5400+30"]

1. e4 e5 2. Nf3 Nc6 3. Bc4 Bc5 4. c3 Nf6 5. d4 exd4 6. e5 d5 7. Bb5 Ne4 8. cxd4 Bb6 9. Nc3 O-O 10. Be3 Bg4 11. h3 Bh5 12. Qc2 Nxc3 13. bxc3 f6 14. exf6 Qxf6 15. Be2 Bg6 16. Bd3 Bxd3 17. Qxd3 Rae8 18. O-O Qf5 19. Qxf5 Rxf5 20. Rae1 Rf6 21. Rb1 Na5 22. Ne5 c6 23. Rfe1 Bc7 24. Nd3 b6 25. Bg5 Rfe6 26. Kf1 Nc4 27. Rxe6 Rxe6 28. Re1 Kf7 29. Nb4 Na5 30. Bc1 Bd6 31. Nd3 Nc4 32. f4 b5 33. Ne5+ Bxe5 34. dxe5 g6 35. Be3 a5 36. Ke2 Re7 37. Bc5 Rb7 38. Kd3 Ke6 39. Bd4 Nb2+ 40. Kc2 Nc4 41. Rf1 Rf7 42. Rf2 Rf8 43. g4 Rf7 44. Kd1 Na3 45. Ke1 Nc4 46. Kf1 b4 47. cxb4 axb4 48. Kg2 Na5 49. Bb6 Nc4 50. Bc5 Rb7 51. Bd4 Rf7 52. Kg3 Na5 53. Bb6 Nc4 54. Bc5 Rb7 55. Bd4 Rf7 56. h4 h5 57. Bc5 Rb7 58. Bd4 Rf7 59. Kg2 Na5 60. Bc5 b3 61. Bd4 bxa2 62. Rxa2 Rxf4 63. gxh5 gxh5 64. Be3 Rg4+ 65. Kf3 Nc4 66. Bg5 Nxe5+ 67. Kf2 d4 68. Rd2 Kd5 69. Rd1 c5 70. Ke2 Rg2+ 71. Kf1 Rh2 72. Bf4 Rxh4 73. Bg3 Rh1+ 74. Ke2 Rxd1 75. Kxd1 Ke4 76. Ke2 c4 77. Kd2 Nf3+ 78. Kd1 h4 79. Bf2 h3 80. Bg3 h2 81. Bxh2 Nxh2 82. Kd2 c3+ 83. Kc2 Ke3 84. Kd1 d3 85. Ke1 Nf3+ 86. Kd1 c2+ 87. Kc1 Ke2 88. Kb2 Kd2 89. Ka2 c1=Q 90. Kb3 Nd4+ 91. Kb4 Qc3+ 92. Ka4 Qb3+ 93. Ka5 Qb5# 0-1

[Event "FIDE WCCC Open-10 2024"]
[Site "Montesilvano"]
[Date "2024.11.18"]
[Round "2.9"]
[White "Skouroupathis, Kyriakos"]
[Black "Enkhbileg, Gantumur"]
[Result "0-1"]
[ECO "B09"]
[WhiteElo "1695"]
[BlackElo "1529"]
[PlyCount "45"]
[EventDate "2024.11.18"]
[EventType "swiss"]
[EventCountry "ITA"]
[TimeControl "5400+30"]

1. e4 d6 2. d4 Nf6 3. Nc3 g6 4. f4 Bg7 5. Nf3 c5 6. dxc5 Qa5 7. Qd3 O-O 8. Qb5 Nc6 9. Qxa5 Nxa5 10. cxd6 exd6 11. Bd3 Re8 12. O-O Nc6 13. Bd2 Bg4 14. Rae1 Bxf3 15. Rxf3 Nd4 16. Rff1 a6 17. h3 Nh5 18. Kh2 Rac8 19. Nd5 Nxc2 20. Rc1 Bxb2 21. Rxc2 Rxc2 22. Bxc2 Rc8 23. Ne7+ 0-1

[Event "FIDE WCCC Open-10 2024"]
[Site "Montesilvano"]
[Date "2024.11.18"]
[Round "2.10"]
[White "Blekh, Erik"]
[Black "Shangin, Lev"]
[Result "1/2-1/2"]
[ECO "A37"]
[WhiteElo "1790"]
[BlackElo "2056"]
[PlyCount "130"]
[EventDate "2024.11.18"]
[EventType "swiss"]
[EventCountry "ITA"]
[TimeControl "5400+30"]

1. Nf3 c5 2. g3 Nc6 3. Bg2 g6 4. c4 Bg7 5. Nc3 d6 6. O-O Nh6 7. a3 O-O 8. Rb1 Bd7 9. d3 Nf5 10. e3 Rb8 11. Bd2 e6 12. b4 b6 13. Ne2 Qc7 14. Bc3 e5 15. Ba1 cxb4 16. axb4 a5 17. b5 Nd8 18. Nc3 Ne7 19. Qb3 Ne6 20. Na4 Rfc8 21. Qa3 Nc5 22. Nd2 Bf5 23. Nxc5 Qxc5 24. Qc3 Qc7 25. Rbc1 Qd7 26. Qa3 Be6 27. Nf3 h6 28. Rfd1 Bg4 29. Rd2 Be6 30. Rdd1 Rc7 31. Rd2 Rbc8 32. Rdc2 g5 33. e4 f5 34. Nd2 f4 35. Nb1 Rf8 36. Nc3 f3 37. Bh1 g4 38. Na4 Rb8 39. Bc3 Ng6 40. Qb2 Rcc8 41. Ra1 Kf7 42. Qc1 h5 43. Rca2 h4 44. Nxb6 Rxb6 45. Rxa5 hxg3 46. fxg3 Qc7 47. Bb4 Bd7 48. Qe3 Qd8 49. Ra7 Kg8 50. Ba5 Rcb8 51. Bxb6 Rxb6 52. Rxd7 Qxd7 53. Qxb6 Qe7 54. Ra6 Qg5 55. Ra1 Kh7 56. Qf2 Nf4 57. gxf4 exf4 58. Rd1 Qh5 59. Bxf3 gxf3 60. Kh1 Bd4 61. Qxd4 f2 62. Qxf2 Qxd1+ 63. Kg2 Qg4+ 64. Kf1 Qd1+ 65. Kg2 Qg4+ 1/2-1/2

[Event "FIDE WCCC Open-10 2024"]
[Site "Montesilvano"]
[Date "2024.11.18"]
[Round "2.10"]
[White "Veber, Tibor"]
[Black "Lenkov, Stanislav"]
[Result "1/2-1/2"]
[ECO "B45"]
[WhiteElo "1532"]
[BlackElo "1693"]
[PlyCount "68"]
[EventDate "2024.11.18"]
[EventType "swiss"]
[EventCountry "ITA"]
[TimeControl "5400+30"]

1. e4 c5 2. Nf3 e6 3. d4 cxd4 4. Nxd4 Nf6 5. Nc3 Nc6 6. Bg5 Be7 7. Be3 d5 8. exd5 Nxd5 9. Nxc6 bxc6 10. Nxd5 cxd5 11. Bb5+ Bd7 12. Bxd7+ Qxd7 13. O-O Bf6 14. c3 Rb8 15. Qc2 O-O 16. Rfe1 Qc7 17. Rad1 Rfd8 18. Re2 Rdc8 19. Rc1 Qa5 20. Bf4 Rb7 21. a3 d4 22. c4 Rd8 23. Qd3 e5 24. Bg3 Re8 25. b4 Qc7 26. f4 Qd6 27. Rce1 Rbe7 28. fxe5 Bxe5 29. Bxe5 Rxe5 30. Rxe5 Rxe5 31. Rxe5 Qxe5 32. Kf2 Qf4+ 33. Qf3 Qd2+ 34. Qe2 Qf4+ {[%emt 0:49:34] Qd1} 1/2-1/2

[Event "FIDE WCCC Open-10 2024"]
[Site "Montesilvano"]
[Date "2024.11.18"]
[Round "2.11"]
[White "Xia, Joshua"]
[Black "Cao, Frank Zhongtian"]
[Result "1-0"]
[ECO "B90"]
[WhiteElo "2052"]
[BlackElo "1793"]
[PlyCount "89"]
[EventDate "2024.11.18"]
[EventType "swiss"]
[EventCountry "ITA"]
[TimeControl "5400+30"]

1. e4 c5 2. Nf3 d6 3. d4 cxd4 4. Nxd4 Nf6 5. Nc3 a6 6. Be3 e5 7. Nb3 Be6 8. f3 Be7 9. Qd2 O-O 10. O-O-O Nbd7 11. g4 b5 12. g5 Nh5 13. Nd5 Bxd5 14. exd5 f6 15. gxf6 Bxf6 16. Na5 Qe8 17. Bh3 Nf4 18. Bxf4 exf4 19. Be6+ Kh8 20. Kb1 Nc5 21. Rhe1 Na4 22. c3 b4 23. cxb4 Bxb2 24. Qd3 Bf6 25. Rc1 Nb2 26. Qc2 Qb5 27. Re4 Na4 28. Qb3 Nc5 29. bxc5 Qxa5 30. Rb4 dxc5 31. Rb7 Be5 32. d6 Bxd6 33. Qb2 Bc7 34. Rg1 Rf6 35. h4 Rg6 36. Rxg6 hxg6 37. Qe2 Rb8 38. Rxb8+ Bxb8 39. Bc4 Qb6+ 40. Kc2 Qd8 41. Qe6 Kh7 42. h5 gxh5 43. Bd3+ Kh8 44. Qg6 Kg8 45. Bc4+ 1-0

[Event "FIDE WCCC Open-10 2024"]
[Site "Montesilvano"]
[Date "2024.11.18"]
[Round "2.11"]
[White "Lee, Yugeon"]
[Black "Thorulsley, Kairaav"]
[Result "0-1"]
[ECO "E22"]
[WhiteElo "1690"]
[BlackElo "1520"]
[PlyCount "112"]
[EventDate "2024.11.18"]
[EventType "swiss"]
[EventCountry "ITA"]
[TimeControl "5400+30"]

1. d4 Nf6 2. c4 e6 3. Nc3 Bb4 4. Qc2 Bxc3+ 5. Qxc3 Ne4 6. Qc2 f5 7. Nf3 b6 8. g3 Bb7 9. Bg2 d6 10. Ng5 Qf6 11. Nxe4 fxe4 12. Bxe4 Bxe4 13. Qxe4 c6 14. O-O O-O 15. d5 exd5 16. cxd5 c5 17. Rb1 Nd7 18. Qe6+ Qf7 19. Qxd6 Nf6 20. e4 Nxe4 21. Qe6 Qxe6 22. dxe6 Rae8 23. f3 Nd6 24. Bf4 Rxe6 25. Rfe1 Rfe8 26. Kf2 Rxe1 27. Rxe1 Rxe1 28. Kxe1 Nc8 29. Ke2 Kf7 30. Kd3 Ke6 31. Ke4 g6 32. b3 Nd6+ 33. Bxd6 Kxd6 34. g4 Ke6 35. h4 h6 36. a4 a6 37. f4 b5 38. a5 Kd6 39. f5 gxf5+ 40. gxf5 h5 41. f6 Ke6 42. f7 Kxf7 43. Kd5 c4 44. bxc4 b4 45. c5 b3 46. c6 Ke7 47. Kc4 b2 48. Kc3 b1=Q 49. Kd2 Qb4+ 50. Kd1 Qb2 51. Ke1 Kd6 52. Kd1 Kxc6 53. Ke1 Kd5 54. Kd1 Kd4 55. Ke1 Ke3 56. Kd1 Qb1# 0-1

[Event "FIDE WCCC Open-10 2024"]
[Site "Montesilvano"]
[Date "2024.11.18"]
[Round "2.12"]
[White "Liu, Liam"]
[Black "Filipovs, Sergejs"]
[Result "0-1"]
[ECO "C45"]
[WhiteElo "1783"]
[BlackElo "2012"]
[PlyCount "104"]
[EventDate "2024.11.18"]
[EventType "swiss"]
[EventCountry "ITA"]
[TimeControl "5400+30"]

1. e4 e5 2. Nf3 Nc6 3. d4 exd4 4. Nxd4 Nf6 5. Nxc6 bxc6 6. e5 Qe7 7. Qe2 Nd5 8. c4 Ba6 9. b3 g6 10. f4 d6 11. exd6 Qxe2+ 12. Bxe2 Bg7 13. cxd5 Bxe2 14. Kxe2 Bxa1 15. dxc6 cxd6 16. Ba3 O-O-O 17. Nd2 Rhe8+ 18. Kf3 Bd4 19. Nc4 Bc5 20. b4 d5 21. Ne5 f6 22. Nf7 Re3+ 23. Kf2 Rxa3+ 24. bxc5 Rxa2+ 25. Kf3 Rf8 26. Nd6+ Kc7 27. Nb5+ Kxc6 28. Nd4+ Kd7 29. Rb1 Rc8 30. c6+ Kd6 31. Rc1 a6 32. Re1 Kc5 33. Rd1 Ra4 34. Ne6+ Kxc6 35. f5 Rb8 36. Nd4+ Kd6 37. g3 Rbb4 38. Ne6 g5 39. Nf8 g4+ 40. Kf2 Rb2+ 41. Kg1 Raa2 42. Nxh7 Rg2+ 43. Kf1 Rxh2 44. Kg1 Rxh7 45. Rc1 Rc7 46. Re1 d4 47. Rd1 Kd5 48. Kf1 Ke4 49. Ke1 Rh7 50. Rd2 Rh1+ 51. Ke2 d3+ 52. Kf2 Rxd2# 0-1